 Dungeon Crawl Stone Soup version 0.31.0-4-g52a2dc7128 (webtiles) character file.

Game seed: 4514414470256834381

219 Zeia the Magician (level 6, -3/47 HPs)
             Began as a Djinni Ice Elementalist on Jan 22, 2024.
             Slain by an orc
             ... wielding a +0 scythe
              (9 damage)
             ... on level 4 of the Dungeon.
             The game lasted 00:09:43 (3762 turns).

Zeia the Magician (Djinni Ice Elementalist)         Turns: 3762, Time: 00:09:44

Health: -3/47      AC:  2    Str:  7    XL:     6   Next: 18%
Gold:   272        EV: 12    Int: 18    God:
                   SH:  0    Dex: 14

rFire   + + +        j - +2 short sword (drain)
rCold   x . .        (no shield)
rNeg    . . .        a - +0 robe
rPois   ∞            (no helmet)
rElec   .            (no cloak)
rCorr   .            (no gloves)
SInv    .            (boots unavailable)
Will    .....        (no amulet)
Stlth   ++           k - ring of protection from fire
HPRegen 0.27/turn    (no ring)
MPRegen 0.00/turn

%: infuse magic (-4 HP)
@: flying
A: sickness immunity, fire resistance 2, cold vulnerability 1, float, innate
caster, HP casting, extra vitality 1
a: no special abilities


You were on level 4 of the Dungeon.
You visited 1 branch of the dungeon, and saw 4 of its levels.

You collected 272 gold pieces.

Inventory:

Hand Weapons
 f - a +4 sling
 g - a +0 short sword
 i - a +0 dagger
 j - a +2 short sword of draining (weapon)
Armour
 a - a +0 robe (worn)
Jewellery
 k - a ring of protection from fire (left hand)
Scrolls
 b - 7 scrolls of identify {unknown}
 d - 2 scrolls of noise {unknown}
 e - 4 scrolls of fear {unknown}
 o - a scroll of teleportation {unknown}
 q - a scroll of fog {unknown}
 r - a scroll of enchant armour {unknown}
 s - a scroll of amnesia {unknown}
Potions
 c - 3 potions of curing {unknown}
 h - a potion of might {unknown}
 l - a potion of ambrosia {unknown}
 m - a potion of heal wounds {unknown}
 n - a potion of brilliance {unknown}
 p - a potion of attraction {unknown}


   Skills:
 + Level 3.9 Fighting
 - Level 2.1 Dodging
 - Level 1.5 Stealth
 + Level 4.7 Spellcasting
 + Level 4.7 Conjurations
 + Level 4.7 Hexes
 + Level 4.7 Summonings
 + Level 4.7 Necromancy
 + Level 4.7 Translocations
 + Level 4.7 Fire Magic
 + Level 4.7 Ice Magic
 + Level 4.7 Air Magic
 + Level 4.7 Earth Magic
 + Level 4.7 Alchemy


You knew the following spells:

 Your Spells              Type           Power      Damage    Failure   Level
a - Freeze                Ice            84%        1d9       1%          1
b - Frozen Ramparts       Ice            42%        1d7       6%          3
c - Ozocubu's Armour      Ice            21%        N/A       6%          3
d - Summon Ice Beast      Ice/Summ       21%        N/A       6%          3
e - Kiss of Death         Conj/Necr      84%        2d11      1%          1
f - Scorch                Fire           42%        2d6       3%          2
Your spell library was empty.

Dungeon Overview and Level Annotations

Branches:
Dungeon (4/15)
 Temple: D:4-7

Altars:


Innate Abilities, Weirdness & Mutations

You are immune to sickness and miasma.
You are immune to poison.
Your flesh is very heat resistant. (rF++)
You are vulnerable to cold. (rC-)
You float through the air rather than walking.
You learn spells naturally, not from books.
Your magical power is your life essence.
You have superior vitality. (+4 MHP)


Message History

You punch the orc, but do no damage.
The orc is heavily wounded.
The orc closely misses you.
The orc hits you from afar with a +0 scythe.
The orc misses you.
You hit the orc.
The orc is severely wounded.
The orc hits you with a +0 scythe! The orc misses you. x2
You barely miss the orc.
The orc is severely wounded.
The orc hits you with a +0 scythe. The orc barely misses you.
The orc closely misses you.
You barely miss the orc.
The orc is severely wounded.
The orc closely misses you. x3
The orc hits you from afar with a +0 scythe.
The orc closely misses you.
Casting: Scorch (safe; 3% risk of failure)
Confirm with . or Enter, or press ? or * to list all spells.
A film of ice covers your body! The orc misses you.
The orc hits you from afar with a +0 scythe.
Your icy armour cracks and falls away as you move.
Casting: Ozocubu's Armour (dangerous; 6% risk of failure)
Confirm with . or Enter, or press ? or * to list all spells.
Flames lash the orc.
You kill the orc!
* * * LOW HITPOINT WARNING * * *
The orc misses you. The orc attacks as it pursues you!
The orc barely misses you.
Casting: Scorch (safe; 3% risk of failure)
Confirm with . or Enter, or press ? or * to list all spells.
Flames lash the orc.
The orc is heavily wounded.
The orc's fire resistance burns away.
* * * LOW HITPOINT WARNING * * *
The orc hits you from afar with a +0 scythe!
* * * LOW HITPOINT WARNING * * *
The orc attacks as it pursues you!
The orc hits you from afar with a +0 scythe!
You die...

#..########....##'#####.##.##
#...+.....#....#.............
#...#.....#....#.............
#..##..##.#....#####..#######
#..##..#######.....#..#......
##............#.....#..#......
#.............#.....#..#......
#...######....#.....#..#......
+...###..#.o.@#.....#..#......
#.....#.)'....#.....#..#......
#.....#..#o.###.....#+##......
##..#############............#
#####..######......#............#
...................#............'
...................#............#
...................#............#
...###+##..†.......#......#######


You could see 2 orcs.

Vanquished Creatures
  A sleepcap (D:4)
  An iguana (D:4)
  3 adders
  2 gnolls (D:1)
  2 ribbon worms
  4 dart slugs
  7 orcs
  5 ball pythons
  5 endoplasms
  4 giant cockroaches
  4 goblins
  10 hobgoblins
  2 jackals (D:4)
  7 kobolds
  A quokka (D:1)
  5 bats
  3 frilled lizards
  7 rats
73 creatures vanquished.

Vanquished Creatures (collateral kills)
  3 gnolls (D:3)
3 creatures vanquished.

Grand Total: 76 creatures vanquished

Notes
Turn   | Place    | Note
-------+----------+-------------------------------------------
     0 | D:1      | Zeia the Djinni Ice Elementalist began the quest for the
                  | Orb.
     0 | D:1      | Zeia set off with the following spells memorised: Freeze,
                  | Frozen Ramparts, Ozocubu's Armour, Summon Ice Beast.
     0 | D:1      | Reached XP level 1. HP: 15/15 MP: 0/0
   143 | D:1      | Reached XP level 2. HP: 18/22 MP: 0/0
   214 | D:1      | Reached skill level 1 in Fighting
   442 | D:1      | Reached XP level 3. HP: 11/28 MP: 0/0
   442 | D:1      | Learned a level 1 spell: Kiss of Death
   886 | D:1      | Found a faded altar of an unknown god.
  1326 | D:2      | Reached XP level 4. HP: 29/29 MP: 0/0
  2529 | D:3      | Reached XP level 5. HP: 16/40 MP: 0/0
  2529 | D:3      | Learned a level 2 spell: Scorch
  3479 | D:4      | Reached XP level 6. HP: 43/46 MP: 0/0
  3762 | D:4      | Slain by an orc

Illustrated notes

Levels and vault maps discovered:
D:1:      saegor_arrival_simple_c, layout_basic,
          hellmonk_ecumenical_altar_leap_of_faith, st_stairs_8, minmay_tall_x
D:2:      layout_basic
D:3:      layout_basic
D:4:      layout_gridville, sigmund_army

Skill      XL: |  1  2  3  4  5 |
---------------+----------------+-----
Fighting       | 1 2 3 |  3.9
Spellcasting   | 4 |  4.7
Conjurations   | 4 |  4.7
Hexes          | 4 |  4.7
Summonings     | 4 |  4.7
Necromancy     | 4 |  4.7
Translocations | 4 |  4.7
Fire Magic     | 4 |  4.7
Ice Magic      | 4 |  4.7
Air Magic      | 4 |  4.7
Earth Magic    | 4 |  4.7
Alchemy        | 4 |  4.7
Dodging        | |  2.1
Stealth        | |  1.5

Action                     |  1- 3 |  4- 6 || total
---------------------------+-------+-------++-------
  Melee: Unarmed           |     1 |       ||     1
         Short sword       |    16 |    91 ||   107
         Dagger            |     1 |       ||     1
         Punch             |       |     3 ||     3
   Cast: Freeze            |    33 |    34 ||    67
         Kiss of Death     |     1 |       ||     1
         Summon Ice Beast  |       |     1 ||     1
         Scorch            |       |     9 ||     9
         Ozocubu's Armour  |       |     2 ||     2
   Stab: Sleeping          |     1 |     6 ||     7
 Armour: Robe              |    23 |    76 ||    99
  Dodge: Dodged            |    26 |   103 ||   129
